 Dungeon Crawl Stone Soup version 0.21.1-1-g345015fe64 (webtiles) character file.

35 Mrkan the Sneak (level 3, -4/16 HPs)
             Began as a Spriggan Enchanter on May 6, 2018.
             Killed from afar by Sigmund (8 damage)
             ... with a magic dart
             ... on level 2 of the Dungeon.
             The game lasted 00:02:38 (1084 turns).

Mrkan the Sneak (Spriggan Enchanter)                Turns: 1084, Time: 00:02:38

Health: -4/16      AC:  2    Str:  4    XL:     3   Next: 17%
Magic:  8/8        EV: 19    Int: 16    God:
Gold:   90         SH:  0    Dex: 17    Spells: 7/8 levels left

rFire    + . .     SeeInvis +   f - +2 dagger (venom)
rCold    + . .     Gourm    .   (shield restricted)
rNeg     . . .     Faith    .   b - +0 robe
rPois    +         Spirit   .   (helmet restricted)
rElec    +         Reflect  .   (no cloak)
rCorr    +         Harm     .   (gloves unavailable)
MR       .....                  (boots unavailable)
Stlth    +.........             (no amulet)
HPRegen  0.05/turn              (no ring)
MPRegen  0.11/turn              (no ring)

@: confused, resistant, very quick
A: very small, unfitting armour, see invisible, herbivore, speed 3, slow
metabolism 2
a: no special abilities


You were on level 2 of the Dungeon.
You were not hungry.

You visited 1 branch of the dungeon, and saw 2 of its levels.

You collected 90 gold pieces.

Inventory:

Hand Weapons
 a - a +1 dagger
 f - a +2 dagger of venom (weapon)
Armour
 b - a +0 robe (worn)
Scrolls
 e - a scroll of magic mapping {unknown}
 k - a scroll of teleportation {unknown}
 l - a scroll of remove curse {unknown}
Potions
 g - a potion of ambrosia {unknown}
 h - a potion of resistance
 i - a potion of curing {unknown}
 j - a potion of heal wounds {unknown}
Books
 c - a book of Maledictions

   Spells                             Type                      Level
   a - Corona                         Hexes                        1
   b - Ensorcelled Hibernation        Hexes/Ice                    2
   c - Confuse                        Hexes                        3
   d - Tukima's Dance                 Hexes                        3
   e - Dazzling Spray                 Conjuration/Hexes            3
Comestibles
 d - 3 rations


   Skills:
 + Level 1.8 Short Blades
 + Level 3.5 Dodging
 + Level 4.9 Stealth
 + Level 3.2 Spellcasting
 + Level 4.0 Hexes


You had 7 spell levels left.
You knew the following spells:

 Your Spells              Type           Power        Failure   Level  Hunger
a - Corona                Hex            ###....      3%          1    None


Dungeon Overview and Level Annotations

Branches:
Dungeon (2/15)

Altars:

Annotations:
D:2 Sigmund


Innate Abilities, Weirdness & Mutations

You are very small and have problems with some larger weapons.
You are too small for most types of armour.
You have supernaturally acute eyesight. (SInv)
You are a herbivore.
You cover ground extremely quickly.
You need consume almost no food.


Message History

The rat twitches its whiskers.
Sigmund points at you and mumbles some strange words.
The puff of flame hits you!
Ouch! That really hurt!
* * * LOW HITPOINT WARNING * * *
A dart slug comes into view.
It was a potion of resistance.
You feel protected.
You completely miss the rat. You hit the rat.
The rat is poisoned.
The rat is heavily wounded.
The rat completely misses you.
You kill the rat!
Your life force feels restored.
Sigmund points at you and mumbles some strange words.
You are confused.
Sigmund points at you and mumbles some strange words.
The magic dart hits you!
Ouch! That really hurt!
You die...

#.. #........# ...
........# ....
####.....#.#
....##..........#
......#........#
#..........?..# #
####..#.......#.####.###
....................>...
..##...@.##.K...@....#
..........@...#..#####
..#####........†.# .
#.........#.#
#......w..#.#
#........<.#.#
[............#
#..............#
..............#


You could see Sigmund, a dart slug and a kobold.

Vanquished Creatures
  A leopard gecko (D:1)
  2 goblins (D:1)
  5 hobgoblins (D:1)
  7 jackals (D:1)
  3 kobolds (D:1)
  A ball python (D:2)
  2 bats (D:1)
  6 frilled lizards (D:1)
  5 rats
32 creatures vanquished.

Notes
Turn   | Place    | Note
-------+----------+-------------------------------------------
     0 | D:1      | Mrkan the Spriggan Enchanter began the quest for the Orb.
     0 | D:1      | Reached XP level 1. HP: 9/9 MP: 5/5
   240 | D:1      | Reached XP level 2. HP: 13/13 MP: 6/6
   974 | D:1      | Reached XP level 3. HP: 16/16 MP: 8/8
  1059 | D:2      | Noticed Sigmund
  1084 | D:2      | Killed from afar by Sigmund

Skill      XL: |  1  2 |
---------------+-------+-----
Spellcasting   | 3 |  3.2
Hexes          | 4 |  4.0
Short Blades   | |  1.8
Dodging        | |  3.5
Stealth        | |  4.9

Action                   || total
-------------------------++-------
Melee: Dagger            ||    84
  Use: Potion            ||     1
 Stab: Sleeping          ||     6
Armor: Robe              ||     8
Dodge: Dodged            ||    60
